 Dungeon Crawl Stone Soup version 0.29.1-15-g9cfb28693d (console) character file.

Game seed: 3554159710509348311

25 magui the Shooter (level 3, 0/36 HPs)
             Began as an Ogre Hunter on Apr 28, 2023.
             Slain by a giant cockroach (2 damage)
             ... on level 2 of the Dungeon.
             The game lasted 00:06:40 (802 turns).

magui the Shooter (Ogre Hunter)                      Turns: 802, Time: 00:06:40

Health: 0/36       AC:  3    Str: 17    XL:     3   Next: 6%
Magic:  3/3        EV: 10    Int: 10    God:
Gold:   42         SH:  0    Dex: 12    Spells: 2/2 levels left

rFire   . . .      SeeInvis .   a - +0 shortbow
rCold   . . .      Faith    .   (shield currently unavailable)
rNeg    . . .      Spirit   .   c - +0 robe
rPois   .          Reflect  .   (helmet restricted)
rElec   .          Harm     .   (no cloak)
rCorr   .          Rampage  .   (gloves unavailable)
Will    .....                   (boots unavailable)
Stlth   +.........              (no amulet)
HPRegen 0.12/turn               (no ring)
MPRegen 0.08/turn               (no ring)

@: no status effects
A: large, unfitting armour, tough skin 1
a: no special abilities


You were on level 2 of the Dungeon.
You visited 1 branch of the dungeon, and saw 2 of its levels.

You collected 42 gold pieces.

Inventory:

Hand Weapons
 a - a +0 shortbow (weapon)
Armour
 c - a +0 robe (worn)
Scrolls
 b - a scroll of immolation
 d - a scroll of noise {unknown}
Potions
 e - a potion of berserk rage {unknown}
 f - a potion of haste {unknown}
 g - a potion of might {unknown}


   Skills:
 + Level 2.9 Fighting
 + Level 3.6 Ranged Weapons
 + Level 1.8 Dodging
 + Level 0.6 Stealth


You had 2 spell levels left.
You didn't know any spells.
Your spell library was empty.

Dungeon Overview and Level Annotations

Branches:
Dungeon (2/15)

Altars:


Innate Abilities, Weirdness & Mutations

You are too large for most types of armour.
You have tough skin. (AC +1)


Message History

The giant cockroach attacks as you move away!
The giant cockroach closely misses you.
The giant cockroach attacks as you move away!
The giant cockroach barely misses you. The bat hits you but does no damage.
The giant cockroach attacks as you move away!
The giant cockroach misses you. The bat hits you but does no damage.
The giant cockroach barely misses you.
The giant cockroach attacks as you move away!
The giant cockroach bites you but does no damage.
The bat hits you but does no damage.
The giant cockroach waves its antennae.
The bat hits you but does no damage. The bat attacks as you move away!
The bat hits you but does no damage. x2
The bat closely misses you. The bat hits you.
* * * LOW HITPOINT WARNING * * *
The bat attacks as you move away! The bat closely misses you. The bat hits you.
* * * LOW HITPOINT WARNING * * *
The bat attacks as you move away! The bat hits you but does no damage.
The bat hits you.
* * * LOW HITPOINT WARNING * * *
The bat hits you.
* * * LOW HITPOINT WARNING * * *
There is a stone staircase leading down here.
The bat barely misses you. The giant cockroach bites you.
* * * LOW HITPOINT WARNING * * *
You climb downwards.
There is a stone staircase leading up here.
You closely miss the bat. The bat closely misses you.
The bat hits you but does no damage. The giant cockroach bites you.
* * * LOW HITPOINT WARNING * * *
The bat hits you but does no damage. The giant cockroach closely misses you.
You clumsily bash the bat but do no damage.
The bat hits you but does no damage. The giant cockroach barely misses you.
You completely miss the bat. The bat hits you.
* * * LOW HITPOINT WARNING * * *
The bat hits you.
* * * LOW HITPOINT WARNING * * *
The giant cockroach closely misses you. The bat closely misses you.
The giant cockroach barely misses you.
You closely miss the bat. The bat hits you but does no damage.
The bat closely misses you. The giant cockroach barely misses you.
The giant cockroach bites you.
You die...

####
..#
#B#
#@#
#.#
#.#
#b#
#.#
#.#
..#
..#


You could see a giant cockroach and a bat.

Vanquished Creatures
  3 endoplasms (D:1)
  2 giant cockroaches (D:1)
  A goblin (D:1)
  2 hobgoblins (D:1)
  8 jackals (D:1)
  A quokka (D:1)
  A kobold (D:1)
  2 rats (D:1)
20 creatures vanquished.

Notes
Turn   | Place    | Note
-------+----------+-------------------------------------------
     0 | D:1      | magui the Ogre Hunter began the quest for the Orb.
     0 | D:1      | Reached XP level 1. HP: 22/22 MP: 1/1
    77 | D:1      | Reached skill level 3 in Ranged Weapons
   154 | D:1      | Reached XP level 2. HP: 29/29 MP: 2/2
   214 | D:1      | HP: 1/29 [jackal (2)]
   542 | D:1      | Reached XP level 3. HP: 34/36 MP: 3/3
   802 | D:2      | Slain by a giant cockroach

Illustrated notes

Levels and vault maps discovered:
D:1:      wander_arrival_fairy_ring, layout_basic
D:2:      layout_loops_ring, shapermc_ecumenical_altar_notcrosses

Skill      XL: |  1 |
---------------+----+-----
Ranged Weapons | 3 |  3.6
Fighting       | |  2.9
Dodging        | |  1.8
Stealth        | |  0.6

Action                   || total
-------------------------++-------
Melee: Shortbow          ||    10
 Fire: Shortbow          ||    56
Armor: Robe              ||    65
Dodge: Dodged            ||   115
